 Dungeon Crawl Stone Soup version 0.23.2-30-g0e89c35649 (webtiles) character file.

Game seed: 1019903548330906498

42 Atelerd the Stinger (level 3, 0/23 HPs)
             Began as an Octopode Venom Mage on June 19, 2019.
             Slain by a goblin
             ... wielding a +0 club
              (4 damage)
             ... on level 1 of the Dungeon.
             The game lasted 00:01:22 (1556 turns).

Atelerd the Stinger (Octopode Venom Mage)           Turns: 1556, Time: 00:01:23

Health: 0/23       AC:  1    Str:  7    XL:     3   Next: 56%
Magic:  1/6        EV: 13    Int: 18    God:
Gold:   36         SH:  0    Dex: 12    Spells: 5/6 levels left

rFire    . . .     SeeInvis .   i - +0 dagger
rCold    . . .     Gourm    .   (no shield)
rNeg     . . .     Faith    .   (helmet restricted)
rPois    .         Spirit   .   (no amulet)
rElec    .         Reflect  .   (no ring)
rCorr    .         Harm     .   (no ring)
MR       .....                  (no ring)
Stlth    +++.......             (no ring)
HPRegen  0.07/turn              (no ring)
MPRegen  0.10/turn              (no ring)
                                (no ring)
                                (no ring)

@: very slightly contaminated, slowed, very slow
A: almost no armour, stealthy swim, amphibious, 8 rings, constrict 8, camouflage
1, gelatinous body 1
a: no special abilities


You were on level 1 of the Dungeon.
You were very hungry.

You visited 1 branch of the dungeon, and saw 2 of its levels.

You collected 36 gold pieces.

Inventory:

Hand Weapons
 i - a +0 dagger (weapon)
Missiles
 d - 2 needles of sleeping
Scrolls
 a - 2 scrolls of identify {unknown}
 c - 3 scrolls of teleportation {unknown}
 f - a scroll of remove curse {unknown}
 g - a scroll of blinking {unknown}
Potions
 e - a potion of berserk rage {unknown}
 h - a potion of ambrosia {unknown}
Comestibles
 b - 4 rations


   Skills:
 + Level 1.2 Fighting
 - Level 2.0 Dodging
 + Level 3.2 Stealth
 + Level 2.3 Spellcasting
 * Level 2.2 Conjurations
 - Level 3.6 Poison Magic


You had 5 spell levels left.
You knew the following spells:

 Your Spells              Type           Power        Failure   Level  Hunger
a - Sting                 Conj/Pois      ##..         5%          1    #......

Your spell library contained the following spells:

 Spells                   Type           Power        Failure   Level  Hunger
 Poisonous Vapours        Pois/Air       #.....       13%         2    ##.....
 Mephitic Cloud           Conj/Pois/Air  #.......     24%         3    ###....
 Olgreb's Toxic Radiance  Pois           ###.....     36%         4    #####..
 Venom Bolt               Conj/Pois      ##........   82%         5    ######.


Dungeon Overview and Level Annotations

Branches:
Dungeon (2/15)

Altars:


Innate Abilities, Weirdness & Mutations

You cannot wear most types of armour.
You are very stealthy in the water. (Stealth+)
You are amphibious.
You can wear up to eight rings at the same time.
You can use your tentacles to constrict eight enemies at once.
Your skin changes colour to match your surroundings (Stealth+).
Your rubbery body absorbs attacks. (AC +1, EV +1)


Message History

You resist with significant effort.
You climb upwards.
The shadow imp disappears in a puff of smoke!
There is a stone staircase leading down here.
Natasha mumbles some strange words.
The goblin completely misses you.
The crimson imp blinks!
Natasha claws you.
* * * LOW HITPOINT WARNING * * *
You kill Natasha!
Natasha growls in agony!
The crimson imp disappears in a puff of smoke!
Your Fighting skill increases to level 1!
Your Stealth skill increases to level 3!
Your Conjurations skill increases to level 2!
You have reached level 3!
Your experience leads to an increase in your attributes!
Increase (S)trength, (I)ntelligence, or (D)exterity?
You feel clever. The goblin hits you with a +0 club.
You die...

################ #...#
.......>.......####.#.#
###########......##.#'#####
#.##......#......##.......#
..##......#......+..§.§...#
#.##......#......##.......##
#.##......#................#
...).............g.>######.######
#.##...........#@##......#.#....#
#.##...........#.###.##.##.##.#.#
#.##...........#.#...##.##.##.#..
..##...........#.#.####.##.##.#..
..#######......#.#.####.##.##.#..
..# ########.#............... ..#
#.######.##)##[#.. ..#
#.######+##.#..... ..#
#.#.........##.#.#


You could see a goblin.

Vanquished Creatures
  Natasha (D:1)
  A leopard gecko (D:1)
  3 hobgoblins (D:1)
  A ball python (D:1)
  A bat (D:1)
  A frilled lizard (D:1)
  2 goblins (D:1)
  3 kobolds (D:1)
  5 rats (D:1)
18 creatures vanquished.

Notes
Turn   | Place    | Note
-------+----------+-------------------------------------------
     0 | D:1      | Atelerd the Octopode Venom Mage began the quest for the
                  | Orb.
     0 | D:1      | Reached XP level 1. HP: 11/11 MP: 3/3
   587 | D:1      | Reached XP level 2. HP: 17/18 MP: 5/5
  1544 | D:2      | Noticed Natasha
  1555 | D:1      | Noticed a crimson imp
  1556 | D:1      | Killed Natasha
  1556 | D:1      | Reached skill level 1 in Fighting
  1556 | D:1      | Reached XP level 3. HP: 4/23 MP: 1/6
  1556 | D:1      | Slain by a goblin

Skill      XL: |  1  2 |
---------------+-------+-----
Fighting       | 1 |  1.2
Stealth        | 3 |  3.2
Conjurations   | 2 |  2.2
Dodging        | |  2.0
Spellcasting   | |  2.3
Poison Magic   | |  3.6

Action                   || total
-------------------------++-------
Melee: Unarmed           ||    30
       Constrict         ||     9
       Tentacles         ||     4
 Cast: Sting             ||    20
 Stab: Sleeping          ||     8
  Eat: Chunk             ||     1
Armor: Skin              ||     3
Dodge: Dodged            ||    26
